AoeStats
← Johnnyringo116

Arabia

504531212Analyzed
1v1 RM · 28d ago on Sep 5, 2026· 28m 39s· 2 players
Game mode
Random Map
Map size
Tiny (2 player)
Population
200
Speed
Normal
Resources
Standard
Victory
Conquest
Starting age
Dark Age
Ending age
Imperial Age
RankedLock teamsTeams togetherTeam positionsShared explorationLock speedFull tech treeHidden civsTurbo modeCheats
Victory
Defeat
🇺🇸 Franks · United States
740
+16
743
-16
Johnnyringo116
11:15 Feudal Age
12:01 Double-Bit Axe
17:15 Scale Barding Armor
18:06 Forging
18:57 Wheelbarrow
23:09 Castle Age
24:18 Husbandry
JEMITO ŠUMAFUK 1916539043 CZ
1:00 Loom
11:11 Feudal Age
11:52 Double-Bit Axe
12:01 Town Watch
14:26 Wheelbarrow
15:24 Horse Collar
18:22 Castle Age
17:59 Gold Mining
18:23 Stone Mining
19:33 Town Patrol
22:42 Gold Shaft Mining
22:51 Bow Saw
22:38 Pikeman
24:43 Stone Shaft Mining
24:37 Fervor
26:13 Hand Cart
27:01 Heavy Plow
26:45 Light Cavalry
Connection lost

Rejoining the realm…

Still unreachable

The connection could not be restored.

Session expired

The server has moved on; the page needs a fresh start.